 Dungeon Crawl Stone Soup version 0.30-b1-2-g02819fbbbe (webtiles) character file.

Game seed: 7182429900840936651

9749 Mesmaeker13 the Martial Artist (level 11, 0/96 HPs)
             Began as an Octopode Transmuter on May 13, 2023.
             Was a Priest of Wu Jian.
             Shot with a sling bullet by Joseph (19 damage)
             ... on level 1 of the Lair of Beasts.
             The game lasted 00:19:24 (12862 turns).

Mesmaeker13 the Martial Artist (OpTm)              Turns: 12862, Time: 00:19:24

Health: 0/96       AC:  7    Str: 12    XL:     11   Next: 51%
Magic:  11/14      EV: 10    Int: 13    God:    Wu Jian [***...]
Gold:   1286       SH:  0    Dex: 12    Spells: 7/14 levels left

rFire   . . .        n - melded +0 short sword (drain)
rCold   + + +        (shield currently unavailable)
rNeg    . . .        (helmet currently unavailable)
rPois   +            (no amulet)
rElec   .            k - ring of willpower
rCorr   +            v - ring of wizardry
SInv    +            F - ring of Jeyl {rF+ rC++ rCorr Int-5 SInv}
Will    +....        (no ring)
Stlth   +            (no ring)
HPRegen 0.36/turn    (no ring)
MPRegen 0.14/turn    (no ring)
                     (no ring)

%: wizardry (x1)
@: ice-form, wereblooded (expiring), hasted, very quick
A: freezing attack, boosted hp, almost no armour, amphibious, 8 rings, large,
(camouflage 1), (gelatinous body 1), (nimble swimmer 1), (tentacles)
a: End Transformation, Renounce Religion, Wall Jump, Serpent's Lash


You were on level 1 of the Lair of Beasts.
You worshipped Wu Jian.
Wu Jian was most pleased with you.
You were a creature of crystalline ice.
You visited 3 branches of the dungeon, and saw 13 of its levels.
You also visited: Bailey.

You collected 1286 gold pieces.

Inventory:

Hand Weapons
 n - a +0 short sword of draining (melded)
Missiles
 B - a curare-tipped dart
Armour
 A - a +0 buckler
Magical Staves
 l - a staff of fire
Jewellery
 h - an amulet of faith
 k - a ring of willpower (left front paw)
 v - a ring of wizardry (right front paw)
 y - a ring of see invisible
 F - the ring of Jeyl (on tentacle) {rF+ rC++ rCorr Int-5 SInv}
   (You found it on level 7 of the Dungeon)

   [ring of resist corrosion]

   Int:       It affects your intelligence (-5).
   rF:        It protects you from fire.
   rC:        It greatly protects you from cold.
   SInv:      It lets you see invisible.
   rCorr:     It protects you from acid and corrosion.
 J - a +6 ring of strength
 K - a ring of poison resistance
Wands
 p - a wand of flame (11)
 G - a wand of charming (2)
 I - a wand of roots (1)
Scrolls
 b - 3 scrolls of vulnerability
 f - 3 scrolls of immolation
 j - 3 scrolls of amnesia
 r - 2 scrolls of enchant armour
 t - 2 scrolls of poison
 w - 2 scrolls of noise
 E - 2 scrolls of silence
 H - a scroll of torment
Potions
 a - 3 potions of lignification
 c - 3 potions of mutation
 d - a potion of attraction {unknown}
 g - 2 potions of brilliance
 i - 2 potions of curing
 o - a potion of degeneration {unknown}
 u - a potion of invisibility {unknown}
 x - a potion of might
 z - a potion of heal wounds {unknown}
 D - 4 potions of flight


   Skills:
 + Level 9.0 Fighting
 - Level 2.0 Dodging
 + Level 9.6 Unarmed Combat
 - Level 2.0 Spellcasting
 + Level 9.2 Transmutations
 + Level 8.7 Ice Magic


You had 7 spell levels left.
You knew the following spells:

 Your Spells              Type           Power      Damage    Failure   Level
a - Beastly Appendage     Tmut           50%        N/A       1%          1
b - Wereblood             Tmut           25%        N/A       1%          2
c - Ice Form              Ice/Tmut       24%        N/A       2%          4

Your spell library contained the following spells:

 Spells                   Type           Power      Damage    Failure   Level
 Sting                    Tmut/Pois      52%        1d5       1%          1
 Ensorcelled Hibernation  Hex/Ice        24%        N/A       2%          2
 Passwall                 Tmut/Erth      10%        N/A       2%          2
 Spider Form              Tmut/Pois      13%        N/A       4%          3
 Blade Hands              Tmut           12%        N/A       6%          5
 Kiss of Death            Conj/Necr      4%         2d5       11%         1
 Summon Small Mammal      Summ           4%         N/A       11%         1
 Poisonous Vapours        Pois/Air       2%         N/A       16%         2
 Call Canine Familiar     Summ           1%         N/A       28%         3
 Confusing Touch          Hex            1%         N/A       28%         3
 Inner Flame              Hex/Fire       1%         N/A       28%         3
 Portal Projectile        Hex/Tloc       2%         N/A       28%         3
 Summon Guardian Golem    Hex/Summ       1%         N/A       28%         3
 Swiftness                Air            1%         N/A       28%         3
 Tukima's Dance           Hex            1%         N/A       28%         3
 Irradiate                Conj/Tmut      6%         3d13      38%         5
 Yara's Violent Unravell  Hex/Tmut       6%         3d5       38%         5
 Anguish                  Hex/Necr       0%         N/A       65%         4
 Dispel Undead            Necr           1%         3d6       65%         4
 Olgreb's Toxic Radiance  Pois           1%         N/A       65%         4
 Dragon Form              Tmut           12%        N/A       86%         7
 Fireball                 Conj/Fire      0%         3d3       93%         5
 Iskenderun's Battlesphe  Conj           1%         2d6       93%         5
 Conjure Ball Lightning   Conj/Air       0%         3x3d6     100%        6
 Enfeeble                 Hex            0%         N/A       100%        7
 Orb of Destruction       Conj           0%         9d5       100%        7


Dungeon Overview and Level Annotations

Branches:
Dungeon (11/15)            Temple (1/1) D:4            Lair (1/5) D:10
    Orc (0/2) D:9          Bailey (visited)

Altars:
Ashenzari
Cheibriados
Dithmenos
Elyvilon
Fedhas
Gozag
Hepliaklqana
Kikubaaqudgha
Makhleb
Nemelex Xobeh
Okawaru
Qazlal
Ru
Sif Muna
Trog
Uskayaw
Vehumet
Wu Jian
Xom
Yredelemnul
Zin
The Shining One

Shops:
D:1 ?

Annotations:
D:9 3 runed translucent doors
Lair:1 Gastronok, Harold, Joseph


Innate Abilities, Weirdness & Mutations

You are a creature of crystalline ice.
You have a powerful freezing melee attack.
Your maximum health is increased.
Your armour is entirely melded.
You are incapable of wielding weapons or throwing items.
You cannot wear most types of armour.
You are amphibious.
You can wear up to eight rings at the same time.
((Your skin changes colour to match your surroundings (Stealth+).))
((Your rubbery body absorbs attacks. (AC +1, EV +1)))
((You are camouflaged when in or above water. (Stealth+)))
((You have tentacles for arms and can constrict up to eight enemies at once.))


Message History

You punch the wolf! You freeze the wolf.
The wolf is severely wounded.
The wolf bites you!
The wolf bites the fungus. x2; The wolf bites you.
You closely miss the wolf.
The wolf is severely wounded.
The wolf bites the fungus!
The wolf bites you but does no damage.
The wolf bites the fungus.
You punch the wolf! You freeze the wolf.
You feel a bit better.
You kill the wolf!
The Council accepts your kill.
A nearby plant withers and dies.
A nearby fungus withers and dies.
Joseph, a Mercenary comes into view.
He is wielding a +3 spectral quarterstaff and carrying a wand of charming (2).
You punch the wolf! You freeze the wolf.
The wolf is heavily wounded.
The wolf bites you but does no damage.
Joseph unwields a +3 spectral quarterstaff.
Joseph wields a +0 sling.
Joseph shoots a sling bullet.
The sling bullet hits you. The wolf bites you but does no damage.
You barely miss the wolf.
The wolf is heavily wounded.
You howl as the wereblood boils in your veins!
The wolf bites you!
Joseph shoots a sling bullet.
The sling bullet hits you!
You hit the wolf. You freeze the wolf.
The wolf is severely wounded.
The wolf bites you. x2
You howl as the wereblood boils in your veins!
Joseph shoots a sling bullet.
The sling bullet hits you.
Your primal bloodlust is almost over.
The wolf bites you!
* * * LOW HITPOINT WARNING * * *
Harold pauses a moment, imagining something with a smile on his face.
The wolf attacks as you move away! The wolf bites you.
* * * LOW HITPOINT WARNING * * *
You howl as the wereblood boils in your veins!
Joseph zaps a wand.
You resist with almost no effort. The wolf bites you.
* * * LOW HITPOINT WARNING * * *
Okay, then.
You feel yourself speed up.
Joseph shoots a sling bullet.
The sling bullet hits you!!
You die...

##....#.......#
#....†........#...........
#.....#.......#...........
##....#..........~~......
##....#.........~≈~~~.~###
#............[~≈≈~≈≈~~~...
##.........@.~~~~≈≈~≈~~~..
#.....'##+P#.~≈~~.~≈~≈~..
#.....h.S@hY~≈≈~~<.~~~~..
##..P##.#####~~≈~...~~≈~..
#...##### #~~~~~~~≈≈~...
##..#### ####.~≈≈~~≈≈≈~...
#...#.###.#...~~~~≈~~~###
#................~~~....
##...####.#.......########
#....#....#.......#
##........#.......#


You could see Harold, Joseph, a water moccasin and 2 wolves.

Vanquished Creatures
  Erica (D:8)
  A tengu warrior (D:11)
  Pikel (D:8)
  2 cyclopes
  Maggie (D:6)
  Psyche (D:8)
  A kobold demonologist (D:10)
  An unseen horror (D:11)
  A troll (D:9)
  A wraith (D:11)
  Sigmund (D:6)
  4 wyverns
  4 yaks
  A basilisk (D:10)
  8 orc warriors
  2 ice beasts
  2 sky beasts (D:7)
  3 black bears (D:6)
  An ogre (D:7)
  3 wolves (Lair:1)
  A lemure (D:8)
  3 centaurs
  2 kobold brigands (D:6)
  7 bullfrogs
  3 scorpions
  2 wights (D:10)
  6 killer bees
  10 howler monkeys
  A hound (D:5)
  Crazy Yiuf (D:4)
  A jelly (D:8)
  7 orc priests
  8 orc wizards
  2 sleepcaps
  An iguana (D:6)
  5 gnolls
  4 adders
  3 dart slugs
  18 orcs
  5 endoplasms
  6 giant cockroaches
  15 goblins
  11 hobgoblins
  3 jackals (D:5)
  4 quokkas
  11 ball pythons
  3 bats (D:1)
  5 frilled lizards
  31 kobolds
  6 rats
225 creatures vanquished.

Vanquished Creatures (collateral kills)
  A basilisk (D:10)
  A wight (D:10)
2 creatures vanquished.

Vanquished Creatures (others)
  A sky beast (D:7)
  A killer bee (D:9)
  A shadow imp (D:7)
  A fungus (Lair:1)
  A plant (Lair:1)
5 creatures vanquished.

Grand Total: 232 creatures vanquished

Notes
Turn   | Place    | Note
-------+----------+-------------------------------------------
     0 | D:1      | Mesmaeker13 the Octopode Transmuter began the quest for the
                  | Orb.
     0 | D:1      | Reached XP level 1. HP: 13/13 MP: 3/3
   236 | D:1      | Found Waemuan's Magic Scroll Emporium.
   295 | D:1      | Reached XP level 2. HP: 17/18 MP: 5/5
   353 | D:1      | Learned a level 2 spell: Wereblood
   614 | D:1      | Reached XP level 3. HP: 24/24 MP: 2/6
  1139 | D:2      | Found a faded altar of an unknown god.
  1214 | D:2      | Found a bloodstained altar of Trog.
  2184 | D:3      | Reached XP level 4. HP: 29/29 MP: 5/7
  2189 | D:3      | Learned a level 4 spell: Ice Form
  2935 | D:4      | Found a snail-covered altar of Cheibriados.
  3038 | D:4      | Noticed a scorpion
  3045 | D:4      | Killed a scorpion
  3046 | D:4      | Reached skill level 1 in Ice Magic
  3046 | D:4      | Reached XP level 5. HP: 36/36 MP: 5/8
  3099 | D:4      | Found a staircase to the Ecumenical Temple.
  3108 | Temple   | Entered the Ecumenical Temple
  3430 | D:4      | Found a runed translucent door.
  3431 | D:4      | Noticed Crazy Yiuf
  3734 | D:5      | Entered Level 5 of the Dungeon
  3898 | D:5      | Found a stormy altar of Qazlal.
  3913 | D:5      | Reached XP level 6. HP: 42/42 MP: 9/9
  4057 | D:5      | Noticed an ice beast
  4071 | D:5      | Killed an ice beast
  4072 | D:5      | Reached XP level 7. HP: 44/47 MP: 2/10
  4589 | D:5      | Found an ornate altar of the Wu Jian Council.
  4593 | D:5      | Became a worshipper of the Wu Jian Council
  4613 | D:5      | Found a shadowy altar of Dithmenos.
  4741 | D:4      | Killed Crazy Yiuf
  4884 | D:6      | Noticed Maggie
  4928 | D:6      | Reached skill level 5 in Unarmed Combat
  5173 | D:6      | Noticed Sigmund
  5187 | D:6      | Killed Sigmund
  5356 | D:6      | Reached XP level 8. HP: 52/54 MP: 6/11
  5507 | D:6      | Reached skill level 5 in Transmutations
  5776 | D:6      | Reached skill level 5 in Fighting
  6068 | D:6      | Reached * piety under Wu Jian
  6437 | D:6      | Killed Maggie
  6608 | D:7      | Reached skill level 5 in Ice Magic
  6608 | D:7      | Reached XP level 9. HP: 39/62 MP: 10/12
  7033 | D:7      | Identified the ring of Jeyl {rF+ rC++ rCorr Int-5 SInv}
  8014 | D:7      | Found a shimmering altar of Xom.
  8043 | D:7      | Found a shimmering blue altar of Sif Muna.
  8252 | D:8      | Noticed Erica
  8267 | D:8      | Killed Erica
  8358 | D:8      | Found a bloodstained altar of Trog.
  8372 | D:8      | Found a flagged portal.
  8390 | Bailey   | Entered a bailey
  8474 | Bailey   | Reached XP level 10. HP: 71/71 MP: 7/13
  8901 | Bailey   | Reached ** piety under Wu Jian
  9004 | D:8      | Noticed Pikel
  9011 | D:8      | Killed Pikel
  9113 | D:8      | Noticed Psyche
  9126 | D:8      | Killed Psyche
  9788 | D:9      | Found a staircase to the Orcish Mines.
  9985 | D:9      | Found a runed translucent gate.
  9985 | D:9      | Found a runed translucent gate.
  9985 | D:9      | Found a runed translucent gate.
  9985 | D:9      | Noticed a white ugly thing
  9986 | D:9      | Noticed a purple ugly thing
  9986 | D:9      | Noticed a glowing orange brain
  9986 | D:9      | Noticed a green ugly thing
  9986 | D:9      | Noticed a cyan ugly thing
  9986 | D:9      | Noticed a green ugly thing
  9991 | D:9      | a swamp worm changed into an anaconda
  9991 | D:9      | Noticed an anaconda (glowing shapeshifter)
  9995 | D:9      | an anaconda changed into a wolf spider
  9995 | D:9      | Noticed a wolf spider (glowing shapeshifter)
  9999 | D:9      | Noticed a steelbarb worm
  9999 | D:9      | a steelbarb worm changed into a shining eye
  9999 | D:9      | Noticed a shining eye (glowing shapeshifter)
 10614 | D:9      | Noticed a centaur warrior
 10616 | D:9      | Noticed a wizard
 10617 | D:9      | Noticed a skeletal warrior
 10617 | D:9      | Noticed a centaur warrior
 10627 | D:9      | Noticed a manticore
 10627 | D:9      | Noticed a boulder beetle
 10758 | D:9      | a human changed into a cane toad
 10758 | D:9      | Noticed a cane toad (glowing shapeshifter)
 10798 | D:10     | Entered Level 10 of the Dungeon
 10852 | D:10     | Noticed a kobold demonologist
 10864 | D:10     | Noticed a sun demon
 10868 | D:10     | Killed a kobold demonologist
 11020 | D:10     | Reached XP level 11. HP: 78/78 MP: 8/14
 11027 | D:10     | Found a staircase to the Lair.
 11463 | D:10     | Noticed a cyclops
 11792 | D:10     | Killed a cyclops
 12197 | D:11     | Noticed a tengu warrior
 12213 | D:11     | Killed a tengu warrior
 12382 | D:11     | Noticed a cyclops
 12400 | D:11     | Killed a cyclops
 12468 | D:11     | Noticed a manticore
 12475 | D:11     | Reached *** piety under Wu Jian
 12487 | D:11     | Identified a scroll of acquirement
 12487 | D:11     | Acquired 1311 gold pieces
 12711 | Lair:1   | Entered Level 1 of the Lair of Beasts
 12838 | Lair:1   | Noticed Harold
 12841 | Lair:1   | Noticed Gastronok
 12855 | Lair:1   | Noticed Joseph
 12862 | Lair:1   | Shot with a sling bullet by Joseph

Illustrated notes

Levels and vault maps discovered:
D:1:      dpeg_arrival_castle, layout_basic, serial_shops, shop,
          patterned_corridor
D:2:      layout_loops_ring, shapermc_ecumenical_altar_ellora, basic_altar,
          hex_large
D:3:      layout_loops_ring, chequers_serial_rivers_small_a
D:4:      layout_cave_pools, kennysheep_slug_shrine,
          minmay_temple_entry_junction, kennysheep_nondescript,
          uniq_crazy_yiuf_cottage
D:5:      layout_loops_ring, mainiacjoe_overflow_concentric_impassable,
          mainiacjoe_overflow_swirl
D:6:      layout_loops_corners, nicolae_hexahallways, minmay_liquid_box,
          minmay_misc_feat_room, uniq_sigmund, uniq_maggie
D:7:      layout_loops_cross, mainiacjoe_overflow_two_lobes, dk_rats_in_the_wall
D:8:      layout_rooms, mainiacjoe_overflow_alcove_4, enter_bailey_3,
          enter_ossuary_1, dk_vineyard_2, uniq_psyche, uniq_pikel, uniq_erica
D:9:      layout_basic, orc_0_dummy,
          ploomutoo_gammafunk_ghost_potion_laboratory, serial_co_window_serial,
          co_window_paths_a, co_window_of_opportunity_a, co_window_paths_a,
          co_window_paths_a, co_window_corner_a, co_window_paths_b,
          co_window_cross_4, co_window_broadway_b, co_window_corner_cb,
          co_window_of_opportunity_b, co_window_unsneaky_path_d,
          glass_columns_a, glass_columns_c, glass_columns_a, glass_columns_a,
          glass_columns_a, minivault_12
D:10:     layout_basic, david_lair_generic
D:11:     layout_basic, nicolae_trove_entry_isolated
Temple:   regret_index_temple_generic_petals
Lair:1:   layout_chaotic_city, basic_altar, infiniplex_staircase_pool_2,
          grunt_megastairs_4, serial_bayou_shore_a, serial_bayou_shore_b,
          uniq_joseph, uniq_nergalle, uniq_harold, uniq_gastronok

Skill      XL: |  1  2  3  4  5  6  7  8  9 10 11 |
---------------+----------------------------------+-----
Fighting       | 2 3 4 5 7 8 9 |  9.0
Transmutations | 3 4 6 7 8 9 |  9.2
Unarmed Combat | 4 5 6 7 8 9 |  9.6
Ice Magic      | 1 2 3 5 6 7 8 |  8.7
Dodging        | |  2.0
Spellcasting   | |  2.0

Action                     |  1- 3 |  4- 6 |  7- 9 | 10-12 || total
---------------------------+-------+-------+-------+-------++-------
  Melee: Unarmed           |    96 |    11 |   158 |   230 ||   495
         Kick              |    23 |    19 |     3 |       ||    45
         Constrict         |    26 |    18 |    10 |       ||    54
         Tentacles         |    14 |    11 |    12 |       ||    37
         Punch             |     3 |     4 |     2 |       ||     9
         Short sword       |    12 |    56 |    41 |       ||   109
  Throw: Dart              |       |       |     1 |     1 ||     2
   Cast: Beastly Appendage |    32 |    18 |     7 |     1 ||    58
         Wereblood         |     5 |     5 |     7 |    11 ||    28
         Ice Form          |       |     1 |    24 |    30 ||    55
Ability: Lunge             |       |       |    17 |    14 ||    31
         Whirlwind         |       |       |     1 |       ||     1
  Evoke: Wand              |       |       |       |    48 ||    48
    Use: Scroll            |       |     2 |     6 |    10 ||    18
         Potion            |       |       |     3 |     8 ||    11
   Stab: Sleeping          |     2 |     3 |     1 |       ||     6
         Distracted        |       |       |     1 |       ||     1
 Armour: Skin              |     9 |     6 |    40 |    58 ||   113
  Dodge: Dodged            |    58 |    26 |    77 |   107 ||   268
